 Dungeon Crawl Stone Soup version 0.20.1-1-g8b1a95d (webtiles) character file.

10158 spiff the Transmogrifier (level 11, -7/71 HPs)
             Began as an Octopode Transmuter on July 19, 2017.
             Was the Champion of Cheibriados.
             Mangled by a white ugly thing (35 damage)
             ... on level 11 of the Dungeon.
             The game lasted 00:53:59 (14881 turns).

spiff the Transmogrifier (Octopode Transmuter)     Turns: 14881, Time: 00:53:59

Health: -7/71      AC:  1    Str: 27    XL:     11   Next: 57%
Magic:  11/19      EV: 18    Int: 35    God:    Cheibriados [******]
Gold:   134        SH:  0    Dex: 28    Spells: 6/21 levels left

rFire    . . .     SeeInvis .     - Unarmed
rCold    . . .     Gourm    .   (shield currently unavailable)
rNeg     . . .     Faith    .   (helmet restricted)
rPois    .         Spirit   .   (no amulet)
rElec    .         Reflect  .   K - +4 ring of intelligence
rCorr    .         Harm     .   M - +2 ring of slaying
MR       .....                  (no ring)
Stlth    ++++++....             (no ring)
Regen    0.3/turn               (no ring)
MPRegen  0.2/turn               (no ring)
                                (no ring)
                                (no ring)

@: blade tentacles, very slow
A: almost no armour, stealthy swim, amphibious, 8 rings, constrict 8, camouflage
1, gelatinous body 1
a: End Transformation, Bend Time, Temporal Distortion, Slouch, Step From Time,
Renounce Religion


You were on level 11 of the Dungeon.
You worshipped Cheibriados.
Cheibriados was exalted by your worship.
You were not hungry.
You had blades for tentacles.
You visited 1 branch of the dungeon, and saw 11 of its levels.

You collected 539 gold pieces.
You spent 405 gold pieces at shops.

Inventory:

Missiles
 a - 126 arrows
 s - 3 javelins (quivered)
 t - 26 tomahawks
 u - 201 stones
Armour
 f - a +0 shield
 H - a +0 buckler (melded)
Jewellery
 k - an uncursed amulet of rage {unknown}
 K - a +4 ring of intelligence (left scythe-like blade)
 M - a +2 ring of slaying (right scythe-like blade)
Wands
 y - a wand of flame (29/48)
 F - a wand of polymorph (7/24)
 J - a wand of disintegration (19/24)
Scrolls
 d - 6 scrolls of teleportation
 l - a scroll of fear
 p - 3 scrolls of enchant armour
 A - 4 scrolls of blinking
 C - a scroll of recharging
 I - 4 scrolls of remove curse
 N - 2 scrolls of amnesia {unknown}
 P - a scroll of fog {unknown}
Potions
 e - 3 potions of agility
 i - 4 potions of heal wounds
 m - 3 potions of invisibility
 n - 2 potions of curing
 o - 2 potions of brilliance
 q - 2 potions of mutation
 r - a potion of flight
 z - 2 potions of might
 B - a potion of haste {unknown}
 E - 2 potions of resistance
 L - a potion of lignification {unknown}
Books
 b - a book of Changes

   Spells                             Type                      Level
   a - Beastly Appendage              Transmutation                1
   b - Sticks to Snakes               Transmutation                2
   c - Spider Form                    Transmutation/Poison         3
   d - Ice Form                       Ice/Transmutation            4
   e - Blade Hands                    Transmutation                5
 x - a book of Misfortune

   Spells                             Type                      Level
   a - Confusing Touch                Hexes                        1
   b - Confuse                        Hexes                        3
   c - Gell's Gravitas                Translocation                3
   d - Petrify                        Transmutation/Earth          4
   e - Metabolic Englaciation         Hexes/Ice                    5
   f - Yara's Violent Unravelling     Hexes/Transmutation          5
 G - a book of Callings

   Spells                             Type                      Level
   a - Summon Small Mammal            Summoning                    1
   b - Call Imp                       Summoning                    2
   c - Call Canine Familiar           Summoning                    3
   d - Summon Guardian Golem          Hexes/Summoning              3
   e - Summon Lightning Spire         Summoning/Air                4
   f - Summon Ice Beast               Ice/Summoning                4
Comestibles
 c - 11 bread rations
 g - 7 royal jellies
 h - 12 fruits
 j - 7 meat rations


   Skills:
 - Level 5.0 Fighting
 - Level 5.0 Dodging
 - Level 8.0 Stealth
 - Level 5.1 Shields
 + Level 8.8 Unarmed Combat
 + Level 5.6 Spellcasting
 - Level 10.1 Transmutations
 - Level 3.0 Poison Magic
 + Level 2.6 Invocations


You had 6 spell levels left.
You knew the following spells:

 Your Spells              Type           Power        Failure   Level  Hunger
a - Beastly Appendage     Tmut           ######       6%          1    None
b - Sticks to Snakes      Tmut           ######..     7%          2    None
c - Spider Form           Tmut/Pois      ######....   14%         3    None
d - Blade Hands           Tmut           ######....   19%         5    #####..
e - Ice Form              Ice/Tmut       #####...     32%         4    ##.....


Dungeon Overview and Level Annotations

Branches:
Dungeon (11/15)            Temple (0/1) D:6
   Lair: D:8-11         Orc: D:9-12

Altars:
Cheibriados
Dithmenos
Gozag
Kikubaaqudgha
Makhleb
Okawaru
Ru
Uskayaw
The Shining One

Shops:
D:5 ?*[:   D:9 *


Innate Abilities, Weirdness & Mutations

You cannot wear most types of armour.
You are very stealthy in the water. (Stealth+)
You are amphibious.
You can wear up to eight rings at the same time.
You can use your tentacles to constrict eight enemies at once.
Your skin changes colour to match your surroundings (Stealth+).
Your rubbery body absorbs attacks. (AC +1, EV +1)


Message History

Your water moccasin bites the two-headed ogre.
Your adder bites the two-headed ogre.
Your adder closely misses the white ugly thing.
Your adder closely misses the two-headed ogre.
The white ugly thing claws you. The white ugly thing freezes you!!
Your adder barely misses the two-headed ogre.
Your water moccasin bites the two-headed ogre!
You shred the white ugly thing!!! You grab the white ugly thing.
You squeeze the white ugly thing!!
The white ugly thing is severely wounded.
You constrict the white ugly thing.
Your adder bites the two-headed ogre but does no damage.
Your adder bites the white ugly thing.
The white ugly thing is poisoned.
Your adder poisons the white ugly thing!
Your adder bites the two-headed ogre.
The two-headed ogre hits your adder with a giant club!!
Your adder dies!
Your water moccasin bites the two-headed ogre but does no damage.
The white ugly thing claws you. The white ugly thing freezes you!!
You die...

........[.....[..... ..
.................... #..
############.#######
#..###############........
...(......................
.................<.#######
............SS.....#
..........SSOu.....#
......)..()(@S.....#
..........[.S..........
.......................
#######################


You could see a white ugly thing, a two-headed ogre, 2 friendly water moccasins
and 4 friendly adders.

Vanquished Creatures
  5 two-headed ogres
  Pikel (D:4)
  A deep elf mage (D:9)
  3 centaur skeletons
  2 trolls (D:10)
  A spriggan (D:7)
  A meliai zombie (D:10)
  A yak (D:9)
  A shadow (D:11)
  A wyvern (D:10)
  Eustachio (D:4)
  A steam dragon (D:9)
  3 hungry ghosts
  Menkaure (D:4)
  An acid dragon (D:10)
  Duvessa (D:6)
  3 orc warriors
  A slave (D:4)
  A black bear (D:9)
  4 ogres
  An ice beast (D:7)
  2 phantoms
  2 centaurs (D:9)
  4 bullfrogs
  4 big kobolds
  A wyvern zombie (D:8)
  Dowan (D:6)
  2 scorpions (D:10)
  3 killer bees (D:9)
  3 wights (D:9)
  3 howler monkeys
  A bullfrog zombie (D:9)
  A centaur zombie (D:5)
  5 crimson imps
  A jelly (D:10)
  5 bullfrog skeletons
  6 hounds
  4 orc priests
  9 orc wizards
  Ijyb (D:5)
  12 worker ants
  3 hound skeletons
  A worker ant zombie (D:10)
  12 adders
  4 shadow imps
  8 oozes
  3 adder skeletons
  3 adder zombies
  5 worms
  A dart slug (D:2)
  4 leopard geckos
  39 orcs
  6 giant cockroaches
  9 goblins
  5 hobgoblins
  17 jackals
  6 quokkas
  7 bats
  4 frilled lizards
  18 kobolds
  A leopard gecko skeleton (D:4)
  15 rats
276 creatures vanquished.

Vanquished Creatures (collateral kills)
  A two-headed ogre (D:9)
  An ogre (D:5)
  A scorpion (D:6)
  A howler monkey (D:7)
  A worm (D:2)
5 creatures vanquished.

Vanquished Creatures (others)
  A slave (D:4)
1 creature vanquished.

Grand Total: 282 creatures vanquished

Notes
Turn   | Place    | Note
-------+----------+-------------------------------------------
     0 | D:1      | spiff the Octopode Transmuter began the quest for the Orb.
     0 | D:1      | Reached XP level 1. HP: 13/13 MP: 3/3
   150 | D:1      | Reached XP level 2. HP: 9/18 MP: 3/5
   293 | D:1      | Learned a level 2 spell: Sticks to Snakes
   313 | D:1      | Reached skill level 1 in Stealth
   622 | D:1      | Reached XP level 3. HP: 22/23 MP: 4/6
   876 | D:2      | Found an iron altar of Okawaru.
  1418 | D:2      | Learned a level 3 spell: Spider Form
  1498 | D:2      | Reached XP level 4. HP: 28/28 MP: 3/7
  1793 | D:2      | Reached skill level 1 in Poison Magic
  1979 | D:2      | Reached skill level 3 in Transmutations
  2134 | D:3      | Found a snail-covered altar of Cheibriados.
  2175 | D:3      | Reached XP level 5. HP: 19/33 MP: 8/8
  2314 | D:3      | Became a worshipper of Cheibriados the Contemplative
  3130 | D:3      | Reached * piety under Cheibriados
  3523 | D:4      | Reached XP level 6. HP: 15/38 MP: 4/9
  3832 | D:4      | Reached ** piety under Cheibriados
  4058 | D:4      | Noticed Menkaure
  4092 | D:4      | Killed Menkaure
  4092 | D:4      | Reached skill level 5 in Stealth
  4092 | D:4      | Reached skill level 4 in Transmutations
  4092 | D:4      | Reached XP level 7. HP: 9/43 MP: 6/10
  4515 | D:4      | Reached skill level 5 in Unarmed Combat
  4813 | D:4      | Noticed Eustachio
  4856 | D:4      | Noticed Pikel
  4878 | D:4      | Killed Pikel
  4878 | D:4      | Reached skill level 5 in Transmutations
  4878 | D:4      | Reached XP level 8. HP: 27/52 MP: 8/11
  5099 | D:4      | Killed Eustachio
  5364 | D:5      | Entered Level 5 of the Dungeon
  5374 | D:5      | Reached skill level 6 in Transmutations
  5825 | D:5      | Found Xoed's Magic Scroll Emporium.
  5831 | D:5      | Bought a scroll of blinking for 90 gold pieces
  5881 | D:5      | Reached *** piety under Cheibriados
  5945 | D:5      | Found Qeomp's Assorted Antiques.
  6042 | D:5      | Found Yhuix Ythawn's Book Shoppe.
  6350 | D:5      | Noticed Ijyb
  6357 | D:5      | Killed Ijyb
  6398 | D:5      | Reached skill level 5 in Dodging
  6482 | D:5      | Found Lyshri's Antique Armour Shop.
  6604 | D:5      | Reached skill level 5 in Fighting
  6673 | D:6      | Found a staircase to the Ecumenical Temple.
  6790 | D:6      | Reached XP level 9. HP: 61/61 MP: 8/12
  6932 | D:6      | Found a shadowy altar of Dithmenos.
  7147 | D:6      | Found a glowing drain.
  7523 | D:6      | Reached **** piety under Cheibriados
  7561 | D:6      | Reached skill level 1 in Shields
  7619 | D:6      | Noticed Duvessa
  7619 | D:6      | Noticed Dowan
  7634 | D:6      | Killed Duvessa
  7637 | D:6      | Killed Dowan
  8394 | D:7      | Found an opulent altar of Gozag.
  8394 | D:7      | Found an ancient bone altar of Kikubaaqudgha.
  8514 | D:7      | Found a hide-covered altar of Uskayaw.
  9174 | D:7      | Reached skill level 5 in Spellcasting
  9339 | D:8      | Found a sacrificial altar of Ru.
  9364 | D:8      | Learned a level 5 spell: Blade Hands
  9535 | D:8      | Found a glowing golden altar of the Shining One.
  9639 | D:8      | Found a burning altar of Makhleb.
 10295 | D:9      | Reached XP level 10. HP: 66/66 MP: 15/17
 10321 | D:9      | Reached skill level 5 in Shields
 10345 | D:9      | Noticed a deep elf mage
 10358 | D:9      | Killed a deep elf mage
 10358 | D:9      | Reached skill level 7 in Transmutations
 10406 | D:9      | Found Zoism's General Store.
 10411 | D:9      | Bought a +2 ring of slaying for 315 gold pieces
 10492 | D:9      | Noticed a two-headed ogre
 10580 | D:9      | Reached ***** piety under Cheibriados
 10879 | D:9      | Noticed a two-headed ogre
 11030 | D:9      | Killed a two-headed ogre
 11030 | D:9      | Reached skill level 8 in Transmutations
 11538 | D:9      | Killed a two-headed ogre
 12031 | D:9      | Reached skill level 9 in Transmutations
 12232 | D:10     | Entered Level 10 of the Dungeon
 12311 | D:10     | Learned a level 4 spell: Ice Form
 12569 | D:10     | Noticed a two-headed ogre
 12781 | D:10     | Noticed a two-headed ogre
 12801 | D:10     | Killed a two-headed ogre
 12801 | D:10     | Reached XP level 11. HP: 70/71 MP: 10/18
 12838 | D:10     | Killed a two-headed ogre
 13359 | D:10     | Reached ****** piety under Cheibriados
 13415 | D:10     | Reached skill level 10 in Transmutations
 13608 | D:10     | Noticed a two-headed ogre
 13613 | D:10     | Killed a two-headed ogre
 14076 | D:11     | Noticed a white ugly thing
 14076 | D:11     | Noticed a two-headed ogre
 14103 | D:10     | Noticed a two-headed ogre
 14110 | D:10     | Killed a two-headed ogre
 14110 | D:10     | Reached skill level 1 in Invocations
 14876 | D:11     | Noticed a two-headed ogre
 14881 | D:11     | Mangled by a white ugly thing

Skill      XL: |  1  2  3  4  5  6  7  8  9 10 11 |
---------------+----------------------------------+-----
Stealth        | 1 2 3 4 5 6 8 |  8.0
Poison Magic   | 1 2 3 |  3.0
Transmutations | 3 4 5 6 9 10 | 10.1
Unarmed Combat | 4 5 7 8 |  8.8
Fighting       | 3 5 |  5.0
Dodging        | 3 5 |  5.0
Spellcasting   | 5 |  5.6
Shields        | 4 5 |  5.1
Invocations    | 2 |  2.6

Action                   |  1- 3 |  4- 6 |  7- 9 | 10-12 || total
-------------------------+-------+-------+-------+-------++-------
Melee: Unarmed           |    76 |   157 |   237 |   154 ||   624
       Kick              |    15 |    35 |    71 |    26 ||   147
       Tentacles         |    15 |    22 |    60 |    34 ||   131
       Constrict         |    17 |    36 |    48 |    23 ||   124
       Punch             |     3 |     3 |     5 |     6 ||    17
Throw: Stone             |       |     5 |     5 |    11 ||    21
       Javelin           |       |       |     3 |     2 ||     5
       Tomahawk          |       |       |     2 |     6 ||     8
 Cast: Beastly Appendage |    17 |    33 |    44 |    21 ||   115
       Sticks to Snakes  |     4 |       |    16 |    13 ||    33
       Spider Form       |       |     4 |     9 |     3 ||    16
       Blade Hands       |       |       |       |    30 ||    30
       Ice Form          |       |       |       |     2 ||     2
 Abil: End Transformatio |       |       |       |     1 ||     1
  Use: Scroll            |       |     9 |     1 |     7 ||    17
       Potion            |       |     1 |       |       ||     1
 Stab: Sleeping          |     6 |     9 |    12 |     4 ||    31
       Distracted        |       |       |     3 |     3 ||     6
  Eat: Chunk             |     2 |     8 |    10 |    16 ||    36
       Fruit             |       |       |     2 |       ||     2
Armor: Skin              |     7 |     5 |     1 |     3 ||    16
Dodge: Dodged            |    41 |    66 |   145 |    96 ||   348
Block: Buckler           |       |       |    17 |    18 ||    35
